 Dungeon Crawl Stone Soup version 0.29-a0-284-gf9362112df (webtiles) character file.

Game seed: 9031056318570010972

422 siradein the Grave Robber (level 6, -2/47 HPs)
             Began as a Demonspawn Necromancer on Mar 29, 2022.
             Slain by a human zombie (4 damage)
             ... on level 4 of the Dungeon.
             The game lasted 00:13:30 (5026 turns).

siradein the Grave Robber (Demonspawn Necromancer)  Turns: 5026, Time: 00:13:31

Health: -2/47      AC:  4    Str:  8    XL:     6   Next: 63%
Magic:  8/10       EV: 12    Int: 24    God:
Gold:   219        SH:  0    Dex: 14    Spells: 3/11 levels left

rFire   . . .      SeeInvis .     - Unarmed
rCold   . . .      Faith    .   (no shield)
rNeg    . . .      Spirit   .   h - +0 leather armour
rPois   .          Reflect  .   (no helmet)
rElec   .          Harm     .   (no cloak)
rCorr   .          Rampage  .   (no gloves)
Will    .....                   (no boots)
Stlth   ++........              (no amulet)
HPRegen 0.15/turn               c - +6 ring of intelligence
MPRegen 0.12/turn               (no ring)

@: no status effects
A: claws 1, rugged brown scales 1
a: no special abilities


You were on level 4 of the Dungeon.
You visited 1 branch of the dungeon, and saw 4 of its levels.

You collected 219 gold pieces.

Inventory:

Missiles
 d - 2 throwing nets
Armour
 h - a +0 leather armour (worn)
Magical Staves
 l - a staff of death
Jewellery
 c - a +6 ring of intelligence (left claw)
Scrolls
 a - 4 scrolls of identify {unknown}
 f - a scroll of immolation {unknown}
 k - a scroll of magic mapping {unknown}
 m - 2 scrolls of fog {unknown}
 o - a scroll of teleportation {unknown}
Potions
 b - a potion of magic
 e - a potion of heal wounds {unknown}
 g - 3 potions of curing {unknown}
 i - a potion of resistance {unknown}
 j - a potion of brilliance {unknown}
 n - a potion of attraction {unknown}
 p - 2 potions of haste {unknown}
 q - a potion of might {unknown}
 r - 2 potions of degeneration {unknown}


   Skills:
 + Level 2.4 Fighting
 + Level 2.0 Armour
 + Level 3.0 Dodging
 - Level 1.7 Stealth
 + Level 1.1 Unarmed Combat
 + Level 3.1 Spellcasting
 * Level 6.2 Necromancy


You had 3 spell levels left.
You knew the following spells:

 Your Spells              Type           Power      Damage    Failure   Level
a - Pain                  Necr           100%       1d9       1%          1
b - Vampiric Draining     Necr           33%        2d8       3%          3
c - Animate Dead          Necr           16%        N/A       12%         4

Your spell library contained the following spells:

 Spells                   Type           Power      Damage    Failure   Level
 Animate Skeleton         Necr           66%        N/A       1%          1
 Beastly Appendage        Tmut           6%         N/A       16%         1
 Sting                    Tmut/Pois      12%        1d3       16%         1
 Blink                    Tloc           6%         N/A       22%         2
 Passwall                 Tmut/Erth      2%         N/A       22%         2
 Poisonous Vapours        Pois/Air       6%         N/A       22%         2
 Wereblood                Tmut           3%         N/A       22%         2
 Dazzling Flash           Conj/Hex       6%         N/A       41%         3
 Portal Projectile        Hex/Tloc       6%         N/A       41%         3
 Spider Form              Tmut/Pois      3%         N/A       41%         3
 Agony                    Necr           33%        N/A       32%         5
 Iskenderun's Mystic Bla  Conj/Tloc      3%         2d3       83%         4
 Olgreb's Toxic Radiance  Pois           3%         N/A       83%         4
 Starburst                Conj/Fire      1%         6d3       100%        6


Dungeon Overview and Level Annotations

Branches:
Dungeon (4/15)
 Temple: D:4-7

Altars:
Sif Muna
Yredelemnul

Shops:
D:1 *   D:4 :


Innate Abilities, Weirdness & Mutations

You have sharp fingernails.
You are partially covered in rugged brown scales. (AC +1, +3% HP)


Message History

You scratch the human zombie but do no damage.
The human zombie is moderately damaged.
The human zombie hits you.
* * * LOW HITPOINT WARNING * * *
You scratch the human zombie.
The human zombie is moderately damaged.
The human zombie completely misses you.
You closely miss the human zombie.
The human zombie is moderately damaged.
You scratch the human zombie but do no damage.
The human zombie is moderately damaged.
The human zombie hits you.
* * * LOW HITPOINT WARNING * * *
You closely miss the human zombie.
The human zombie is moderately damaged.
The human zombie closely misses you.
You closely miss the human zombie.
The human zombie is moderately damaged.
The human zombie hits you.
* * * LOW HITPOINT WARNING * * *
You scratch the human zombie.
The human zombie is heavily damaged.
The human zombie misses you.
You scratch the human zombie but do no damage.
The human zombie is heavily damaged.
You scratch the human zombie.
The human zombie is heavily damaged.
The human zombie hits you.
* * * LOW HITPOINT WARNING * * *
You barely miss the human zombie.
The human zombie is heavily damaged.
The human zombie hits you.
* * * LOW HITPOINT WARNING * * *
You scratch the human zombie but do no damage.
The human zombie is heavily damaged.
The human zombie closely misses you.
You scratch the human zombie.
The human zombie is heavily damaged.
The human zombie hits you.
You die...

#.#Z# #.#.#
######### #.#l#
#.#.#.'.# #.#.#
#'#'#'### #.#>#
#.'...'.#
#.#.#####...###
#.#..(#.'...'.#
###.###'#Z###
#.'l..#.@.#
###########


You could see a human zombie.

Vanquished Creatures
  An ogre (D:4)
  A hound (D:3)
  3 iguanas
  3 human skeletons (D:4)
  A hound zombie (D:3)
  5 adders
  An adder zombie (D:3)
  3 worms
  3 dart slugs
  An orc (D:3)
  5 ball pythons
  6 bats
  7 endoplasms
  5 giant cockroaches
  7 goblins
  9 hobgoblins
  2 jackals (D:3)
  A quokka (D:1)
  4 frilled lizards
  7 kobolds
  2 orc skeletons (D:4)
  10 rats
87 creatures vanquished.

Notes
Turn   | Place    | Note
-------+----------+-------------------------------------------
     0 | D:1      | siradein the Demonspawn Necromancer began the quest for the
                  | Orb.
     0 | D:1      | Reached XP level 1. HP: 13/13 MP: 3/3
   133 | D:1      | Found Fotz's General Store.
   383 | D:1      | Gained mutation: You are partially covered in rugged brown
                  | scales. (AC +1, +3% HP) [demonic ancestry]
   383 | D:1      | Reached XP level 2. HP: 12/20 MP: 1/5
  1348 | D:1      | Reached skill level 1 in Fighting
  1351 | D:1      | Reached XP level 3. HP: 21/26 MP: 0/6
  1355 | D:1      | Learned a level 3 spell: Vampiric Draining
  1857 | D:2      | Reached skill level 5 in Necromancy
  2268 | D:2      | Reached XP level 4. HP: 30/32 MP: 4/7
  2624 | D:2      | Found a faded altar of an unknown god.
  2952 | D:3      | Reached skill level 1 in Armour
  3398 | D:3      | Gained mutation: You have sharp fingernails. [demonic
                  | ancestry]
  3398 | D:3      | Reached XP level 5. HP: 19/39 MP: 4/8
  3879 | D:3      | Got Loacyu's Grimoire of Dislocated Stones
  3885 | D:3      | Learned a level 4 spell: Animate Dead
  3973 | D:3      | Found a shimmering blue altar of Sif Muna.
  4160 | D:3      | Found a basalt altar of Yredelemnul.
  4289 | D:4      | Noticed an ogre
  4299 | D:4      | Killed an ogre
  4300 | D:4      | Reached skill level 6 in Necromancy
  4300 | D:4      | Reached XP level 6. HP: 43/45 MP: 3/10
  4324 | D:4      | Found Oraablez's Book Shoppe.
  4671 | D:4      | Reached skill level 1 in Unarmed Combat
  4936 | D:4      | Found a sand-covered staircase.
  5024 | D:4      | HP: 1/47 [human zombie (5)]
  5026 | D:4      | Slain by a human zombie

Illustrated notes

Levels and vault maps discovered:
D:1:      matt_arrival_debris, layout_basic, serial_shops, shop_fountains
D:2:      layout_basic, shapermc_ecumenical_altar_mp_vishouse
D:3:      layout_basic, marbit_many_paths, lemuel_zombie_altar_yredelemnul,
          grunt_decor_mini_mirrors
D:4:      layout_loops_ring, nicolae_ru_the_path_less_chosen, serial_shops,
          shop, nicolae_ossuary_entry_catacombs, minmay_circle_x, uniq_robin

Skill      XL: |  1  2  3  4  5  6 |
---------------+-------------------+-----
Dodging        | 2 3 |  3.0
Fighting       | 1 2 |  2.4
Necromancy     | 5 6 |  6.2
Armour         | 1 2 |  2.0
Spellcasting   | 3 |  3.1
Unarmed Combat | 1 |  1.1
Stealth        | |  1.7

Action                   |  1- 3 |  4- 6 || total
-------------------------+-------+-------++-------
Melee: Short sword       |    24 |       ||    24
       Trident           |    19 |    37 ||    56
       Unarmed           |       |   189 ||   189
       Punch             |       |     4 ||     4
 Cast: Pain              |    57 |    42 ||    99
       Vampiric Draining |       |     5 ||     5
 Stab: Sleeping          |     1 |     3 ||     4
Armor: Robe              |     2 |       ||     2
       Leather armour    |    15 |    35 ||    50
Dodge: Dodged            |    28 |   137 ||   165

Table legend: (Time is in decaauts)
 A = Elapsed time spent in this place.
 B = Non-inter-level travel time spent in this place.
 C = Inter-level travel time spent in this place.
 D = Time resting spent in this place.
 E = Time spent auto-exploring this place.
 F = Levels seen in this place.
 G = Mean time per level.
                   A        B        C        D        E       F      G
               +--------+--------+--------+--------+--------+-----+--------+
         Total |   5039 |   4924 |    115 |    260 |   3601 |   4 | 1259.8 |
       Dungeon |   5039 |   4924 |    115 |    260 |   3601 |   4 | 1259.8 |
               +--------+--------+--------+--------+--------+-----+--------+

Top non-repeatable levels by time:
     D:1: 1574 daAuts
     D:3: 1402 daAuts
     D:2: 1329 daAuts
     D:4: 733 daAuts
